 Dungeon Crawl Stone Soup version 0.28.0-53-g5a82cb258f (webtiles) character file.

Game seed: 3490002224799829716

41 Gabide the Poker (level 3, -2/29 HPs)
             Began as a Human Monk on May 31, 2022.
             Slain by Sigmund
             ... wielding a +0 scythe
              (12 damage)
             ... on level 2 of the Dungeon.
             The game lasted 00:03:01 (1554 turns).

Gabide the Poker (Human Monk)                       Turns: 1554, Time: 00:03:02

Health: -2/29      AC:  3    Str: 11    XL:     3   Next: 75%
Magic:  3/3        EV: 13    Int: 10    God:
Gold:   46         SH:  0    Dex: 17    Spells: 2/2 levels left

rFire   . . .      SeeInvis .   a - +0 spear
rCold   . . .      Faith    .   (no shield)
rNeg    . . .      Spirit   .   b - +0 robe
rPois   .          Reflect  .   (no helmet)
rElec   .          Harm     .   (no cloak)
rCorr   .          Rampage  .   g - +0 pair of gloves
Will    .....                   (no boots)
Stlth   ++........              (no amulet)
HPRegen 0.09/turn               (no ring)
MPRegen 0.08/turn               (no ring)

@: no status effects
A: no striking features
a: no special abilities


You were on level 2 of the Dungeon.
You visited 1 branch of the dungeon, and saw 2 of its levels.

You collected 46 gold pieces.

Inventory:

Hand Weapons
 a - a +0 spear (weapon)
Armour
 b - a +0 robe (worn)
 g - a +0 pair of gloves (worn)
Scrolls
 d - a scroll of fear {unknown}
 e - a scroll of identify {unknown}
 f - a scroll of vulnerability {unknown}
 h - a scroll of teleportation {unknown}
 i - a scroll of magic mapping {unknown}
 j - a scroll of amnesia {unknown}


   Skills:
 + Level 3.5 Fighting
 + Level 3.5 Polearms
 + Level 3.5 Dodging
 - Level 2.0 Stealth


You had 2 spell levels left.
You didn't know any spells.
Your spell library was empty.

Dungeon Overview and Level Annotations

Branches:
Dungeon (2/15)

Altars:

Annotations:
D:2 Sigmund


Message History

You reach to attack!
You hit Sigmund.
Sigmund is heavily wounded.
Sigmund hits you from afar with a +0 scythe!
You reach to attack!
You hit Sigmund.
Sigmund is heavily wounded.
You reach to attack!
You closely miss Sigmund.
Sigmund is severely wounded.
Sigmund casts a spell at you. The puff of flame hits you!
You are too injured to fight recklessly!
You are too injured to fight recklessly!
You are too injured to fight recklessly!
You are too injured to fight recklessly!
You are too injured to fight recklessly!
You are too injured to fight recklessly!
You are too injured to fight recklessly!
You are too injured to fight recklessly!
You are too injured to fight recklessly!
You are too injured to fight recklessly!
You are too injured to fight recklessly!
You are too injured to fight recklessly!
You are too injured to fight recklessly!
You are too injured to fight recklessly!
You are too injured to fight recklessly!
You are too injured to fight recklessly!
You are too injured to fight recklessly!
You are too injured to fight recklessly!
Reach: a) +0 spear
Press: ? - help, Dir - move target, f/p - Sigmund
Aim: Sigmund, wielding a +0 scythe and wearing a +0 robe (severely wounded, very poisoned, about 39% to evade your +0 spear)
You reach to attack!
You closely miss Sigmund.
Sigmund is severely wounded.
Sigmund barely misses you.
Reach: a) +0 spear
Press: ? - help, Dir - move target, f/p - Sigmund
Aim: Sigmund, wielding a +0 scythe and wearing a +0 robe (severely wounded, very poisoned, about 39% to evade your +0 spear)
You reach to attack!
You completely miss Sigmund.
Sigmund is severely wounded.
Sigmund hits you from afar with a +0 scythe!
You die...

#########
##.?......
#####.........
#.@.@((.((....
.......####........
......# #........
P..... #.[......
♣P... #........
.P... ...#####.
.... ..## .... #..
##.


You could see Sigmund (very poisoned).

Vanquished Creatures
  2 dart slugs (D:1)
  7 endoplasms
  A giant cockroach (D:1)
  3 goblins (D:1)
  A hobgoblin (D:1)
  3 jackals (D:1)
  5 ball pythons (D:1)
  3 bats (D:1)
  4 frilled lizards (D:1)
  A kobold (D:1)
  4 rats (D:1)
34 creatures vanquished.

Notes
Turn   | Place    | Note
-------+----------+-------------------------------------------
     0 | D:1      | Gabide the Human Monk began the quest for the Orb.
     0 | D:1      | Reached XP level 1. HP: 18/18 MP: 1/1
   349 | D:1      | Reached XP level 2. HP: 24/24 MP: 2/2
   668 | D:1      | Reached XP level 3. HP: 29/29 MP: 3/3
  1409 | D:2      | Noticed Sigmund
  1554 | D:2      | Slain by Sigmund

Illustrated notes

Levels and vault maps discovered:
D:1:      dpeg_arrival_rooms_c, layout_rooms, chequers_avenue,
          kennysheep_another_room
D:2:      layout_rooms, ebering_ecumenical_altar_petrified,
          kennysheep_cluttered_room, uniq_natasha, uniq_sigmund

Action                   || total
-------------------------++-------
Melee: Spear             ||   110
       Punch             ||     2
Throw: Dart              ||     4
 Stab: Sleeping          ||     3
Armor: Robe              ||    26
Dodge: Dodged            ||    38
